 Dungeon Crawl Stone Soup version 0.28.0 (webtiles) character file.

Game seed: 4126453056302708421

43 lonewolfV2 the Shield-Bearer (level 3, -1/36 HPs)
             Began as a Troll Fighter on Feb 10, 2022.
             Slain by a gnoll (5 damage)
             ... on level 2 of the Dungeon.
             The game lasted 00:01:00 (773 turns).

lonewolfV2 the Shield-Bearer (Troll Fighter)         Turns: 773, Time: 00:01:01

Health: -1/36      AC:  4    Str: 26    XL:     3   Next: 37%
Magic:  2/2        EV:  8    Int:  4    God:
Gold:   23         SH:  7    Dex:  9    Spells: 2/2 levels left

rFire   . . .      SeeInvis .     - Unarmed
rCold   . . .      Faith    .   b - +0 kite shield
rNeg    . . .      Spirit   .   a - +0 robe
rPois   .          Reflect  .   (helmet restricted)
rElec   .          Harm     .   (no cloak)
rCorr   .          Rampage  .   (gloves unavailable)
Will    .....                   (boots unavailable)
Stlth   +.........              (no amulet)
HPRegen 0.92/turn               (no ring)
MPRegen 0.08/turn               (no ring)

@: lethally poisoned (-1 -> -2)
A: large, unfitting armour, claws 3, regeneration 1, shaggy fur 1, tough skin 1
a: no special abilities


You were on level 2 of the Dungeon.
You visited 1 branch of the dungeon, and saw 2 of its levels.

You collected 23 gold pieces.

Inventory:

Armour
 a - a +0 robe (worn)
 b - a +0 kite shield (worn)
Potions
 c - 2 potions of might
 d - a potion of curing {unknown}
 e - a potion of cancellation {unknown}


   Skills:
 + Level 2.7 Fighting
 + Level 2.7 Dodging
 + Level 2.8 Shields
 + Level 2.7 Unarmed Combat


You had 2 spell levels left.
You didn't know any spells.
Your spell library was empty.

Dungeon Overview and Level Annotations

Branches:
Dungeon (2/15)

Altars:


Innate Abilities, Weirdness & Mutations

You are too large for most types of armour.
You have claws for hands.
Your natural rate of healing is unusually fast.
You are covered in fur. (AC +1)
You have tough skin. (AC +1)


Message History

The gnoll hits you from afar with a +0 spear.
The kobold hits you but does no damage.
You have reached level 3!
Your experience leads to an increase in your attributes!
Increase (S)trength, (I)ntelligence, or (D)exterity?
You feel stronger. x3
You barely miss the gnoll.
The gnoll is severely wounded.
The gnoll hits you with a +0 club. The adder barely misses you.
The gnoll hits you from afar with a +0 spear.
The kobold hits you with a +0 short sword.
You claw the gnoll!
You kill the gnoll!
The adder barely misses you.
The kobold hits you with a +0 short sword.
You block the gnoll's attack.
You closely miss the adder. You block the adder's attack.
The kobold barely misses you. The adder bites you.
The gnoll hits you but does no damage.
You miss the adder. You block the adder's attack.
The gnoll hits you from afar with a +0 spear.
The kobold hits you but does no damage.
You barely miss the adder. The adder bites you.
* * * LOW HITPOINT WARNING * * *
You are poisoned.
The adder poisons you! The kobold barely misses you.
You block the gnoll's attack.
You barely miss the adder.
You feel sick. You block the adder's attack. The gnoll closely misses you.
The kobold hits you with a +0 short sword.
* * * LOW HITPOINT WARNING * * *
The adder bites you.
* * * LOW HITPOINT WARNING * * *
You are more poisoned.
The adder poisons you!
You claw the adder!
You kill the adder!
You feel sick.
The gnoll hits you from afar with a +0 spear.
You die...

....... ### ....... #..
....... #.# .......
#.### ....... #####...#
.......######....<#.#
.......))...........##.#
.....g†@.(..............
......K.#####.###.###...
.####'#.# #.# #.# ##
.....# #.# #.. ###.#..
..# #.## #.#.# ### ### #
###


You could see a gnoll and a kobold.

Vanquished Creatures
  2 gnolls (D:2)
  An adder (D:2)
  A dart slug (D:1)
  A ball python (D:1)
  5 endoplasms (D:1)
  2 hobgoblins (D:1)
  2 kobolds (D:1)
  A quokka (D:1)
  2 bats (D:1)
  2 frilled lizards
  4 rats (D:1)
23 creatures vanquished.

Notes
Turn   | Place    | Note
-------+----------+-------------------------------------------
     0 | D:1      | lonewolfV2 the Troll Fighter began the quest for the Orb.
     0 | D:1      | Reached XP level 1. HP: 22/22 MP: 0/0
   252 | D:1      | Reached XP level 2. HP: 29/29 MP: 1/1
   767 | D:2      | Reached XP level 3. HP: 23/36 MP: 2/2
   773 | D:2      | Slain by a gnoll

Illustrated notes

Levels and vault maps discovered:
D:1:      arrival_zaba_pyramid, layout_loops_ring, serial_park_tiny_pond
D:2:      layout_basic, st_stairs_13, corner_web_ring, minmay_pentomino_p2

Action                   || total
-------------------------++-------
Melee: Unarmed           ||    61
Armor: Robe              ||    25
Dodge: Dodged            ||    26
Block: Kite shield       ||    28
